 Dungeon Crawl Stone Soup version 0.32-a0-675-gdc239d62e1 (webtiles) character file.

Game seed: 15052081627432172819

667 shadizar the Magician (level 7, -4/45 HPs)
             Began as a Djinni Earth Elementalist on Mar 11, 2024.
             Slain by Edmund
             ... wielding a +4 dire flail of holy wrath
              (14 damage)
             ... on level 5 of the Dungeon.
             The game lasted 00:03:47 (3076 turns).

shadizar the Magician (Djinni Earth Elementalist)   Turns: 3076, Time: 00:03:48

Health: -4/45      AC:  6    Str:  7    XL:     7   Next: 88%
Gold:   253        EV: 12    Int: 19    God:
                   SH:  0    Dex: 13

rFire   + + .        b - +1 whip (elec)
rCold   x . .        (no shield)
rNeg    . . .        a - +0 robe
rPois   ∞            (no helmet)
rElec   .            n - +0 cloak
rCorr   +            j - +2 pair of gloves
SInv    .            (boots unavailable)
Will    .....        (no amulet)
Stlth   ++           e - ring of resist corrosion
HPRegen 0.27/turn    (no ring)
MPRegen 0.00/turn

%: infuse magic (-5 HP)
@: flying
A: sickness immunity, fire resistance 2, cold vulnerability 1, float, innate
caster, HP casting, extra vitality 1
a: no special abilities


You were on level 5 of the Dungeon.
You visited 1 branch of the dungeon, and saw 5 of its levels.

You collected 253 gold pieces.

Inventory:

Hand Weapons
 b - a +1 whip of electrocution (weapon)
 q - a +1 whip of freezing
Armour
 a - a +0 robe (worn)
 j - a +2 pair of gloves (worn)
 n - a +0 cloak (worn)
Jewellery
 e - a ring of resist corrosion (left hand)
 g - a ring of ice
Scrolls
 c - a scroll of torment {unknown}
 d - 2 scrolls of noise {unknown}
 f - a scroll of brand weapon {unknown}
 i - 3 scrolls of poison {unknown}
 o - 2 scrolls of identify {unknown}
 p - a scroll of amnesia {unknown}
Potions
 h - a potion of ambrosia {unknown}
 k - a potion of lignification {unknown}
 l - 2 potions of mutation {unknown}
 m - a potion of heal wounds {unknown}


   Skills:
 - Level 2.1 Dodging
 - Level 1.5 Stealth
 + Level 7.0 Spellcasting
 + Level 7.0 Conjurations
 + Level 7.0 Hexes
 + Level 7.0 Summonings
 + Level 7.0 Necromancy
 + Level 7.0 Translocations
 + Level 7.0 Fire Magic
 + Level 7.0 Ice Magic
 + Level 7.0 Air Magic
 + Level 7.0 Earth Magic
 + Level 7.0 Alchemy


You knew the following spells:

 Your Spells              Type           Power      Damage    Failure   Level
a - Sandblast             Erth           66%        2d15      1%          1
b - Passwall              Erth           33%        N/A       1%          3
c - Stone Arrow           Conj/Erth      66%        3d11      1%          3
d - Petrify               Alch/Erth      33%        N/A       5%          4
e - Brom's Barrelling Bo  Conj/Erth      33%        2d5       5%          4
f - Necrotise             Necr           100%       1d9       1%          1
g - Blink                 Tloc           66%        N/A       1%          2
h - Scorch                Fire           66%        2d7       1%          2
Your spell library was empty.

Dungeon Overview and Level Annotations

Branches:
Dungeon (5/15)
 Temple: D:4-7

Altars:

Annotations:
D:5 Edmund


Innate Abilities, Weirdness & Mutations

You are immune to sickness and miasma.
You are immune to poison.
Your flesh is very heat resistant. (rF++)
You are vulnerable to cold. (rC-)
You float through the air rather than walking.
You learn spells naturally, not from books.
Your magical power is your life essence.
You have superior vitality. (+4 MHP)


Message History

Edmund is moving more slowly.
Edmund hits you with a +4 dire flail of holy wrath!
Unknown command.
Unknown command.
Unknown command.
Unknown command.
Unknown command.
Unknown command.
Unknown command.
Unknown command.
Casting: Petrify (dangerous; 5% risk of failure)
Confirm with . or Enter, or press ? or * to list all spells.
Okay, then.
Casting: Petrify (dangerous; 5% risk of failure)
Confirm with . or Enter, or press ? or * to list all spells.
Aiming: Stone Arrow (safe; 1% risk of failure)
Press: ? - help, Shift-Dir - straight line, f/p - Edmund
Aim: Edmund, wielding a +4 dire flail of holy wrath and wearing a +0 chain mail (petrifying slowly, 100% to hit)
The stone arrow hits Edmund!
Edmund is lightly wounded.
* * * LOW HITPOINT WARNING * * *
Edmund barely misses you.
Unknown command.
Unknown command.
Unknown command.
Unknown command.
Unknown command.
Unknown command.
Unknown command.
Casting: Stone Arrow (safe; 1% risk of failure)
Confirm with . or Enter, or press ? or * to list all spells.
Aiming: Stone Arrow (safe; 1% risk of failure)
Press: ? - help, Shift-Dir - straight line, f/p - Edmund
Aim: Edmund, wielding a +4 dire flail of holy wrath and wearing a +0 chain mail (lightly wounded, petrifying slowly, 100% to hit)
The stone arrow hits Edmund!
Edmund is heavily wounded.
* * * LOW HITPOINT WARNING * * *
Edmund hits you with a +4 dire flail of holy wrath!
You die...
Edmund says, "I'd like to see a scythe do that!"

... .....
..... .....
....#+##
#####
#....##....#
#....#.....#
#....@.....#
#....#@....#
#.<..#.r...#
#....#.....#
#....#.....#
#....#.....#
#....#.....#
#....###...#
...###


You could see Edmund (petrifying) and a quokka.

Vanquished Creatures
  Sigmund (D:2)
  A sky beast (D:3)
  An ogre (D:4)
  A bombardier beetle (D:4)
  3 hounds
  An iguana (D:3)
  A sleepcap (D:4)
  6 adders
  6 dart slugs
  2 ribbon worms
  4 orcs (D:4)
  3 bats
  5 endoplasms
  6 giant cockroaches
  5 goblins
  8 hobgoblins
  3 jackals
  4 quokkas
  9 ball pythons
  2 frilled lizards
  5 kobolds (D:1)
  5 rats
82 creatures vanquished.

Notes
Turn   | Place    | Note
-------+----------+-------------------------------------------
     0 | D:1      | shadizar the Djinni Earth Elementalist began the quest for
                  | the Orb.
     0 | D:1      | shadizar set off with the following spells memorised:
                  | Sandblast, Passwall, Stone Arrow, Petrify, Brom's
                  | Barrelling Boulder.
     0 | D:1      | Reached XP level 1. HP: 15/15 MP: 0/0
    45 | D:1      | Reached XP level 2. HP: 18/21 MP: 0/0
   194 | D:1      | Found a faded altar of an unknown god.
   211 | D:1      | Reached XP level 3. HP: 23/25 MP: 0/0
   211 | D:1      | Learned a level 1 spell: Necrotise
  1214 | D:2      | Reached XP level 4. HP: 28/31 MP: 0/0
  1252 | D:2      | Noticed Sigmund
  1302 | D:2      | Killed Sigmund
  1303 | D:2      | Reached skill level 5 in Spellcasting
  1303 | D:2      | Reached skill level 5 in Conjurations
  1303 | D:2      | Reached skill level 5 in Hexes
  1303 | D:2      | Reached skill level 5 in Summonings
  1303 | D:2      | Reached skill level 5 in Necromancy
  1303 | D:2      | Reached skill level 5 in Translocations
  1303 | D:2      | Reached skill level 5 in Fire Magic
  1303 | D:2      | Reached skill level 5 in Ice Magic
  1303 | D:2      | Reached skill level 5 in Air Magic
  1303 | D:2      | Reached skill level 5 in Earth Magic
  1303 | D:2      | Reached skill level 5 in Alchemy
  1303 | D:2      | Reached XP level 5. HP: 31/35 MP: 0/0
  1303 | D:2      | Learned a level 2 spell: Blink
  1303 | D:2      | Reached XP level 6. HP: 35/40 MP: 0/0
  2292 | D:4      | Noticed an ogre
  2512 | D:4      | Noticed a sky beast
  2522 | D:3      | Killed a sky beast
  2523 | D:3      | Reached XP level 7. HP: 23/45 MP: 0/0
  2523 | D:3      | Learned a level 2 spell: Scorch
  3067 | D:5      | Entered Level 5 of the Dungeon
  3070 | D:5      | Noticed Edmund
  3076 | D:5      | Slain by Edmund

Illustrated notes

Levels and vault maps discovered:
D:1:      eino_arrival_tree_alley, layout_loops_corners,
          shapermc_ecumenical_altar_pompeii, serial_forest,
          infiniplex_forest_straight_5, infiniplex_forest_corner_1,
          infiniplex_forest_end_3, infiniplex_forest_clump_C,
          infiniplex_forest_straight_4, infiniplex_forest_clump_large,
          infiniplex_forest_straight_4, infiniplex_forest_clump_cross
D:2:      layout_loops_cross, uniq_sigmund
D:3:      layout_rooms
D:4:      layout_cave_pools, kennysheep_diamond, minmay_stone_trees_small
D:5:      layout_gridville, enter_ossuary_2, minmay_ruined_shrine, uniq_edmund

Skill      XL: |  1  2  3  4  5  6  7 |
---------------+----------------------+-----
Spellcasting   | 4 5 6 7 |  7.0
Conjurations   | 4 5 6 7 |  7.0
Hexes          | 4 5 6 7 |  7.0
Summonings     | 4 5 6 7 |  7.0
Necromancy     | 4 5 6 7 |  7.0
Translocations | 4 5 6 7 |  7.0
Fire Magic     | 4 5 6 7 |  7.0
Ice Magic      | 4 5 6 7 |  7.0
Air Magic      | 4 5 6 7 |  7.0
Earth Magic    | 4 5 6 7 |  7.0
Alchemy        | 4 5 6 7 |  7.0
Dodging        | |  2.1
Stealth        | |  1.5

Action                     |  1- 3 |  4- 6 |  7- 9 || total
---------------------------+-------+-------+-------++-------
  Melee: Whip              |     1 |       |       ||     1
   Cast: Sandblast         |    42 |    47 |    30 ||   119
         Stone Arrow       |       |       |     2 ||     2
         Petrify           |       |       |     1 ||     1
 Armour: Robe              |     5 |    14 |     4 ||    23
  Dodge: Dodged            |     4 |    16 |    12 ||    32

Table legend: (Time is in decaauts)
 A = Elapsed time spent in this place.
 B = Non-inter-level travel time spent in this place.
 C = Inter-level travel time spent in this place.
 D = Time resting spent in this place.
 E = Time spent auto-exploring this place.
 F = Levels seen in this place.
 G = Mean time per level.
                   A        B        C        D        E       F      G
               +--------+--------+--------+--------+--------+-----+--------+
         Total |   3135 |   3022 |    113 |      0 |   2453 |   5 |  627.0 |
       Dungeon |   3135 |   3022 |    113 |      0 |   2453 |   5 |  627.0 |
               +--------+--------+--------+--------+--------+-----+--------+

Top non-repeatable levels by time:
     D:1: 1024 daAuts
     D:2: 887 daAuts
     D:4: 642 daAuts
     D:3: 571 daAuts
     D:5: 9 daAuts
